 Dungeon Crawl Stone Soup version 0.26-a0-969-g2c58977ddd (webtiles) character file.

Game seed: 8536998520876975448

8539 PentaManta the Basher (level 11, -5/71 HPs)
             Began as a Gargoyle Monk on Dec 4, 2020.
             Was a High Priest of Okawaru.
             Killed from afar by a starcursed mass (14 damage)
             ... with an accursed screaming
             ... on level 1 of the Abyss.
             The game lasted 00:21:41 (10028 turns).

PentaManta the Basher (Gargoyle Monk)              Turns: 10028, Time: 00:21:41

Health: -5/71      AC: 26    Str: 19    XL:     11   Next: 32%
Magic:  11/11      EV: 15    Int: 10    God:    Okawaru [*****.]
Gold:   564        SH:  5    Dex: 12    Spells: 10/10 levels left

rFire    . . .     SeeInvis +   M - +0 demon whip (vamp)
rCold    + . .     Faith    .   (no shield)
rNeg     + . .     Spirit   .   z - +2 chain mail {rC+}
rPois    ∞         Reflect  +   o - +0 helmet
rElec    +         Harm     .   b - +1 cloak
rCorr    .         Rampage  .   H - +0 pair of gloves
MR       .....                  (no boots)
Stlth    ..........             k - amulet of reflection
HPRegen  0.21/turn              w - ring of see invisible
MPRegen  0.12/turn              j - +4 ring of evasion

@: no status effects
A: negative energy resistance 1, electricity resistance, unbreathing,
petrification resistance, rot immunity, AC +8
a: Heroism, Finesse, Renounce Religion


You were on level 1 of the Abyss.
You worshipped Okawaru.
Okawaru was extremely pleased with you.
You visited 2 branches of the dungeon, and saw 11 of its levels.
You visited the Abyss 1 time.

You collected 676 gold pieces.
You spent 112 gold pieces at shops.

Inventory:

Hand Weapons
 u - a +2 flail of venom
 y - a +0 morningstar
 K - a +5 war axe of freezing
 L - a +4 mace of freezing
 M - a +0 vampiric demon whip (weapon)
Missiles
 f - 46 poisoned darts (quivered)
 r - a throwing net
Armour
 b - a +1 cloak (worn)
 o - a +0 helmet (worn)
 z - a +2 chain mail of cold resistance (worn)
 H - a +0 pair of gloves (worn)
 J - cursed +0 acid dragon scales
Jewellery
 e - an uncursed ring of fire
 j - a +4 ring of evasion (right hand)
 k - an amulet of reflection (around neck)
 p - a +6 ring of intelligence
 v - an uncursed ring of protection from fire
 w - a ring of see invisible (left hand)
 B - the ring "Reqapi Rizi" {*Slow rN++ MR+ Stlth+}
   (You found it on level 7 of the Dungeon)

   [ring of stealth]

   It greatly protects you from negative energy.
   It affects your resistance to hostile enchantments.
   It may slow you when you take damage.
   It makes you more stealthy.
 N - an uncursed ring of protection from fire
 Q - an uncursed ring of positive energy
Wands
 a - a wand of iceblast (17)
 h - a wand of acid (5)
 n - a wand of digging (6)
 P - a wand of disintegration (13)
 S - a wand of paralysis (5)
Scrolls
 g - 12 scrolls of remove curse
 m - 4 scrolls of teleportation
 x - 2 scrolls of blinking {unknown}
 D - a scroll of identify
 E - a scroll of immolation {unknown}
 G - 2 scrolls of amnesia
 R - a scroll of enchant weapon
 T - a scroll of summoning {unknown}
Potions
 d - 2 potions of haste
 i - a potion of mutation {unknown}
 l - 2 potions of invisibility
 q - 5 potions of flight
 s - a potion of might {unknown}
 t - 3 potions of heal wounds {unknown}
 A - a potion of attraction {unknown}
 C - 3 potions of lignification {unknown}
 F - a potion of brilliance {unknown}
 I - a potion of ambrosia {unknown}
 O - 2 potions of magic {unknown}
Miscellaneous
 c - a tin of tremorstones (2/2)


   Skills:
 + Level 9.3 Fighting
 + Level 11.0 Maces & Flails
 + Level 8.5 Armour
 + Level 7.1 Dodging
 - Level 2.1 Stealth


You had 10 spell levels left.
You didn't know any spells.
Your spell library contained the following spells:

 Spells                   Type           Power        Failure   Level
 Magic Dart               Conj           #...         97%         1
 Blink                    Tloc           N/A          99%         2
 Call Imp                 Summ           #.......     99%         2
 Slow                     Hex            #.......     99%         2
 Conjure Flame            Conj/Fire      #.......     100%        3
 Mephitic Cloud           Conj/Pois/Air  #.......     100%        3


Dungeon Overview and Level Annotations

Branches:
Dungeon (10/15)            Temple (1/1) D:7
   Lair: D:8-11         Orc: D:9-12

Altars:
Ashenzari
Cheibriados
Dithmenos
Elyvilon
Fedhas
Gozag
Hepliaklqana
Kikubaaqudgha
Makhleb
Nemelex Xobeh
Okawaru
Qazlal
Ru
Sif Muna
Trog
Uskayaw
Vehumet
Wu Jian
Xom
Yredelemnul
Zin
The Shining One

Shops:
D:4 *

Annotations:
D:8 2 transporters
D:10 Sonja


Innate Abilities, Weirdness & Mutations

You are resistant to torment.
Your stone body is resilient. (AC +8)
You are immune to poison.
You resist negative energy. (rN+)
You are resistant to electric shocks. (rElec)
You can survive without breathing.
You are immune to petrification.
You are immune to rotting.


Message History

No target in view!
No target in view!
A starcursed mass comes into view.
A starcursed mass splits.
A chorus of shrieks assaults your mind.
A starcursed mass splits.
A chorus of shrieks assaults your mind. A chorus of shrieks assaults your mind.
A starcursed mass splits.
A starcursed mass splits. x2
A starcursed mass splits.
A deafening chorus of shrieks assaults your mind!
* * * LOW HITPOINT WARNING * * *
A starcursed mass splits.
Press: ? - help, v - describe, . - travel
Here: a starcursed mass The floor.
A starcursed mass splits.
A cacophony of accursed wailing tears at your sanity!
You die...

.. ....... .
............... ..
. ........ .
.#P.........
............
##.........
###..........
#............
#$@...#...... .
#............
#.###............
#.....X..........
#.#...X.....#...#
#....X##....#...#
..X##XX...........
.....XX.....##.###
...X.?...#......#.


You could see 8 starcursed masses.

Vanquished Creatures
  Erica (D:9)
  A two-headed ogre (D:7)
  An unseen horror (Abyss:1)
  Maggie (D:8)
  A troll (D:7)
  A wraith (D:10)
  3 yaks (D:10)
  A wyvern (D:8)
  Grum (D:8)
  A water moccasin (D:8)
  4 necrophages
  2 sky beasts
  2 ice beasts (D:10)
  3 orc warriors
  A phantom (D:9)
  2 wolves (D:7)
  A black bear (D:9)
  2 ogres
  7 centaurs
  A big kobold (D:6)
  4 bullfrogs
  A water moccasin skeleton (D:10)
  14 killer bees
  12 wights
  3 howler monkeys
  5 electric eels (D:7)
  2 bullfrog zombies (D:7)
  5 hounds
  A jelly (D:9)
  4 centaur skeletons
  4 orc priests
  Crazy Yiuf (D:5)
  6 orc wizards
  Jessica (D:2)
  4 bullfrog skeletons
  2 iguanas
  Ijyb (D:5)
  9 worker ants
  A hound skeleton (D:5)
  A howler monkey zombie (D:7)
  Robin (D:3)
  9 adders
  7 gnolls
  3 shadow imps
  5 white imps
  5 ufetubi
  An ooze (D:2)
  An adder skeleton (D:7)
  4 worms
  2 dart slugs
  6 leopard geckos
  16 orcs
  10 bats
  5 giant cockroaches
  19 goblins
  10 hobgoblins
  14 jackals
  5 quokkas
  2 ball pythons
  5 frilled lizards
  13 kobolds
  A leopard gecko zombie (D:6)
  A quokka zombie (D:6)
  14 rats
277 creatures vanquished.

Vanquished Creatures (others)
  A wight (D:9)
  An orc wizard (D:3)
  4 withered plants (D:7)
6 creatures vanquished.

Grand Total: 283 creatures vanquished

Notes
Turn   | Place    | Note
-------+----------+-------------------------------------------
     0 | D:1      | PentaManta the Gargoyle Monk began the quest for the Orb.
     0 | D:1      | Reached XP level 1. HP: 14/14 MP: 1/1
   328 | D:1      | Reached XP level 2. HP: 19/19 MP: 2/2
   623 | D:1      | Reached skill level 4 in Maces & Flails
  1084 | D:2      | Noticed Jessica
  1089 | D:1      | Reached XP level 3. HP: 23/23 MP: 3/3
  1218 | D:2      | Killed Jessica
  1322 | D:2      | Reached XP level 4. HP: 25/28 MP: 4/4
  1467 | D:2      | Reached skill level 5 in Maces & Flails
  1984 | D:3      | Reached XP level 5. HP: 26/32 MP: 5/5
  2279 | D:3      | Reached skill level 6 in Maces & Flails
  2426 | D:3      | Noticed Robin
  2474 | D:3      | Killed Robin
  2475 | D:3      | Reached XP level 6. HP: 17/37 MP: 6/6
  3342 | D:3      | Reached skill level 7 in Maces & Flails
  3767 | D:4      | Reached XP level 7. HP: 39/41 MP: 7/7
  3807 | D:4      | Found Quxtoan's Assorted Antiques.
  3810 | D:4      | Bought a scroll of teleportation for 84 gold pieces
  3810 | D:4      | Bought a scroll labelled ZUVVAUXUEZ for 28 gold pieces
  4106 | D:5      | Entered Level 5 of the Dungeon
  4177 | D:5      | Noticed a moth of wrath
  4308 | D:5      | Found a bloodstained altar of Trog.
  4501 | D:5      | Reached skill level 8 in Maces & Flails
  4555 | D:5      | Noticed Ijyb
  4589 | D:5      | Killed Ijyb
  4590 | D:5      | Reached skill level 1 in Armour
  4670 | D:5      | Found a runed translucent door.
  4671 | D:5      | Noticed Crazy Yiuf
  4680 | D:5      | Killed Crazy Yiuf
  4943 | D:5      | You fall into a shaft and drop 1 floor!
  5117 | D:6      | Reached XP level 8. HP: 47/48 MP: 8/8
  5337 | D:6      | Reached skill level 5 in Fighting
  6003 | D:7      | Got a glittering brass ring
  6100 | D:7      | Reached skill level 9 in Maces & Flails
  6104 | D:7      | Reached XP level 9. HP: 32/55 MP: 9/9
  6399 | D:7      | Found a staircase to the Ecumenical Temple.
  6410 | Temple   | Entered the Ecumenical Temple
  6415 | Temple   | Became a worshipper of Warmaster Okawaru
  6415 | Temple   | Reached * piety under Okawaru
  6415 | Temple   | Reached ** piety under Okawaru
  6687 | D:7      | Reached skill level 5 in Armour
  7266 | D:8      | Reached skill level 5 in Dodging
  7267 | D:8      | Noticed Maggie
  7287 | D:8      | Killed Maggie
  7300 | D:8      | Reached *** piety under Okawaru
  7529 | D:8      | Found a shadowy altar of Dithmenos.
  7531 | D:8      | Noticed a wind drake
  7533 | D:8      | Noticed a jumping spider
  7533 | D:8      | a wind drake changed into a jumping spider
  7548 | D:8      | Reached XP level 10. HP: 63/63 MP: 10/10
  7548 | D:8      | Found a transporter.
  7560 | D:8      | Found a transporter.
  7560 | D:8      | Noticed a swamp dragon
  7560 | D:8      | a jumping spider changed into a swamp dragon
  7613 | D:8      | Found a burning altar of Makhleb.
  7616 | D:8      | Found a shimmering altar of Xom.
  7618 | D:8      | Found a white marble altar of Elyvilon.
  7695 | D:8      | Noticed Grum
  7700 | D:8      | Noticed a two-headed ogre
  7738 | D:7      | Reached skill level 10 in Maces & Flails
  7773 | D:7      | Killed a two-headed ogre
  7773 | D:7      | Reached **** piety under Okawaru
  8183 | D:8      | Killed Grum
  8598 | D:9      | Found an opulent altar of Gozag.
  8781 | D:9      | Found a stormy altar of Qazlal.
  8881 | D:9      | Noticed Erica
  8898 | D:9      | Killed Erica
  8898 | D:9      | Reached ***** piety under Okawaru
  8999 | D:9      | Found a sacrificial altar of Ru.
  9271 | D:10     | Entered Level 10 of the Dungeon
  9288 | D:10     | Reached XP level 11. HP: 69/69 MP: 11/11
  9448 | D:10     | Identified the ring "Reqapi Rizi" {*Slow rN++ MR+ Stlth+}
                  | (You found it on level 7 of the Dungeon)
  9509 | D:10     | Received a gift from Okawaru
  9871 | D:10     | Reached skill level 11 in Maces & Flails
  9923 | D:10     | Noticed Sonja
  9952 | D:10     | Cast into level 1 of the Abyss (Sonja)
  9989 | Abyss:1  | Noticed an unseen horror
 10018 | Abyss:1  | Killed an unseen horror
 10020 | Abyss:1  | Noticed a starcursed mass
 10028 | Abyss:1  | Killed from afar by a starcursed mass

Illustrated notes

Levels and vault maps discovered:
D:1:      minmay_arrival_floating_metal, layout_loops_ring
D:2:      layout_rooms, minmay_misc_feat_hallway, uniq_jessica
D:3:      layout_basic, gup_sewer_entry_spiral, uniq_robin
D:4:      layout_loops_ring, serial_shops, nicolae_shop_trees
D:5:      layout_rooms, tgw_trog, uniq_ijyb, uniq_crazy_yiuf_cottage
D:6:      nicolae_whirlpool, layout_cave_pools
D:7:      layout_basic, minmay_temple_entry_proselytizer, serial_undead,
          serial_undead_f, serial_undead_a, serial_undead_e, serial_undead_c,
          kennysheep_boxes
D:8:      layout_gridville, gammafunk_temple_overflow_arena, minitemple,
          chequers_mini_garden, uniq_grum, uniq_maggie
D:9:      layout_roguey, grunt_gozag_breadcrumbs, nicolae_ru_awakened_eye,
          basic_altar, uniq_erica
D:10:     layout_basic, eino_jars, uniq_sonja
Temple:   nicolae_temple_elliptical
Abyss:1:  base: D:6, evilmike_abyss_exit_plants

Skill      XL: |  1  2  3  4  5  6  7  8  9 10 11 |
---------------+----------------------------------+-----
Maces & Flails | 4 5 6 7 8 9 10 11 | 11.0
Armour         | 2 4 6 7 8 |  8.5
Fighting       | 4 5 7 8 9 |  9.3
Dodging        | 3 4 5 6 7 |  7.1
Stealth        | |  2.1

Action                   |  1- 3 |  4- 6 |  7- 9 | 10-12 || total
-------------------------+-------+-------+-------+-------++-------
Melee: Mace              |    37 |       |   106 |       ||   143
       Whip              |    65 |   523 |    44 |       ||   632
       Flail             |       |       |   296 |    98 ||   394
       Demon whip        |       |       |       |   353 ||   353
Throw: Dart              |       |       |       |     2 ||     2
Invok: Heroism           |       |       |       |     1 ||     1
  Use: Scroll            |       |     4 |     4 |       ||     8
       Potion            |       |       |       |     1 ||     1
 Stab: Sleeping          |     2 |       |       |       ||     2
Armor: Robe              |    16 |       |       |       ||    16
       Ring mail         |    31 |     1 |       |       ||    32
       Scale mail        |       |   185 |    30 |       ||   215
       Chain mail        |       |       |   274 |   211 ||   485
Dodge: Dodged            |    65 |   415 |   370 |   336 ||  1186
Block: Other             |       |    71 |   153 |   115 ||   339
       Reflection        |       |     1 |    16 |     2 ||    19

Table legend: (Time is in decaauts)
 A = Elapsed time spent in this place.
 B = Non-inter-level travel time spent in this place.
 C = Inter-level travel time spent in this place.
 D = Time resting spent in this place.
 E = Time spent auto-exploring this place.
 F = Levels seen in this place.
 G = Mean time per level.
                   A        B        C        D        E       F      G
               +--------+--------+--------+--------+--------+-----+--------+
         Total |   9862 |   9525 |    337 |    664 |   6251 |  12 |  821.8 |
       Dungeon |   9654 |   9324 |    330 |    664 |   6123 |  10 |  965.4 |
        Temple |    141 |    134 |      7 |      0 |    128 |   1 |  141.0 |
         Abyss |     67 |     67 |      0 |      0 |      0 |   1 |   67.0 |
               +--------+--------+--------+--------+--------+-----+--------+

Top non-repeatable levels by time:
     D:7: 1572 daAuts
     D:3: 1305 daAuts
     D:1: 1226 daAuts
     D:6: 962 daAuts
     D:5: 934 daAuts
     D:9: 816 daAuts
     D:2: 809 daAuts
     D:8: 725 daAuts
     D:4: 716 daAuts
    D:10: 584 daAuts
  Temple: 141 daAuts
 Abyss:1: 67 daAuts
